 Dungeon Crawl Stone Soup version 0.23.2 (webtiles) character file.

Game seed: 1258036871057907294

23 Menchi the Magician (level 3, 0/19 HPs)
             Began as a Kobold Wizard on Apr 11, 2019.
             Succumbed to a kobold's poison
             ... on level 1 of the Dungeon.
             The game lasted 00:03:52 (682 turns).

Menchi the Magician (Kobold Wizard)                  Turns: 682, Time: 00:03:53

Health: 0/19       AC:  3    Str:  4    XL:     3   Next: 12%
Magic:  2/8        EV: 15    Int: 19    God:
Gold:   55         SH:  0    Dex: 14    Spells: 5/9 levels left

rFire    . . .     SeeInvis .   f - +0 whip (elec)
rCold    . . .     Gourm    .   (shield restricted)
rNeg     . . .     Faith    .   a - +0 robe
rPois    .         Spirit   .   b - +0 hat
rElec    .         Reflect  .   (no cloak)
rCorr    .         Harm     .   (no gloves)
MR       .....                  j - +0 pair of boots
Stlth    ++........             (no amulet)
HPRegen  0.06/turn              i - ring of wizardry
MPRegen  0.11/turn              (no ring)

@: lethally poisoned (0 -> -32)
A: small, carnivore
a: no special abilities


You were on level 1 of the Dungeon.
You were full.

You visited 1 branch of the dungeon, and saw 1 of its levels.

You collected 55 gold pieces.

Inventory:

Hand Weapons
 e - a +0 dagger
 f - a +0 whip of electrocution (weapon)
Armour
 a - a +0 robe (worn)
 b - a +0 hat (worn)
 j - a +0 pair of boots (worn)
Jewellery
 i - a ring of wizardry (left hand)
Scrolls
 c - a scroll of identify {unknown}
 g - a scroll of amnesia {unknown}
 k - 2 scrolls of enchant armour {unknown}
Potions
 h - a potion of heal wounds {unknown}
Comestibles
 d - 2 rations


   Skills:
 * Level 0.8 Short Blades
 + Level 2.5 Dodging
 * Level 3.0 Stealth
 + Level 3.9 Spellcasting
 + Level 1.2 Conjurations
   Level 1.0 Summonings
   Level 1.0 Translocations


You had 5 spell levels left.
You knew the following spells:

 Your Spells              Type           Power        Failure   Level  Hunger
a - Magic Dart            Conj           #...         3%          1    None
b - Conjure Flame         Conj/Fire      #.......     13%         3    ###....

Your spell library contained the following spells:

 Spells                   Type           Power        Failure   Level  Hunger
 Blink                    Tloc           N/A          6%          2    ##.....
 Call Imp                 Summ           #.......     6%          2    ##.....
 Slow                     Hex            #.......     9%          2    ##.....
 Mephitic Cloud           Conj/Pois/Air  #.......     14%         3    ###....


Dungeon Overview and Level Annotations

Branches:
Dungeon (1/15)

Altars:


Innate Abilities, Weirdness & Mutations

You are small and have problems with some larger weapons.
You are carnivorous and can eat meat at any time.


Message History

The kobold closely misses you. x2
Casting: Conjure Flame (safe; 13% risk of failure)
Confirm with . or Enter, or press ? or * to list all spells.
Aiming: Magic Dart (safe; 3% risk of failure)
Press: ? - help, Shift-Dir - straight line The magic dart hits the kobold.
The kobold is severely wounded.
* * * LOW HITPOINT WARNING * * *
You feel sick.
The kobold hits you with a +2 short sword of venom.
* * * LOW HITPOINT WARNING * * *
You are more poisoned.
Casting: Magic Dart (safe; 3% risk of failure)
Confirm with . or Enter, or press ? or * to list all spells.
Aiming: Magic Dart (safe; 3% risk of failure)
Press: ? - help, Shift-Dir - straight line, f - kobold
Aim: a kobold, wielding a +2 short sword of venom (severely wounded)
The magic dart hits the kobold.
You kill the kobold!
You die...

###### #....#
#..#.#############
.###.............#
#..#############@#
###.# #)# #..##
#..°.# .###
........# #..##
..K.......# ###.#
..........# #..##
#.#.#.....# .### #
#.#.....# #..## .
#.#.#.#


There were no monsters in sight!

Vanquished Creatures
  A gnoll (D:1)
  2 goblins (D:1)
  3 hobgoblins (D:1)
  2 kobolds (D:1)
  4 bats (D:1)
  A frilled lizard (D:1)
13 creatures vanquished.

Vanquished Creatures (others)
  5 toadstools (D:1)
5 creatures vanquished.

Grand Total: 18 creatures vanquished

Notes
Turn   | Place    | Note
-------+----------+-------------------------------------------
     0 | D:1      | Menchi the Kobold Wizard began the quest for the Orb.
     0 | D:1      | Reached XP level 1. HP: 10/10 MP: 4/4
   350 | D:1      | Reached XP level 2. HP: 15/15 MP: 1/6
   528 | D:1      | Reached XP level 3. HP: 19/19 MP: 6/8
   653 | D:1      | Learned a level 3 spell: Conjure Flame
   682 | D:1      | Succumbed to a kobold's poison

Skill      XL: |  1 |
---------------+----+-----
Stealth        | 3 |  3.0
Short Blades   | |  0.8
Dodging        | |  2.5
Spellcasting   | |  3.9
Conjurations   | |  1.2
Summonings     | |  1.0
Translocations | |  1.0

Action                   || total
-------------------------++-------
Melee: Whip              ||    15
       Unarmed           ||     1
 Cast: Magic Dart        ||    33
       Conjure Flame     ||     1
  Eat: Chunk             ||     4
Armor: Robe              ||     8
Dodge: Dodged            ||    19
